 Dungeon Crawl Stone Soup version 0.29-a0-384-g6960b1960d (webtiles) character file.

Game seed: 12577944301709785606

503 NinjaNoafa the Vandal (level 6, 0/53 HPs)
             Began as a Minotaur Hunter on May 6, 2022.
             Slain by a gnoll
             ... wielding a +0 spear
             ... led by a gnoll shaman
              (3 damage)
             ... on level 4 of the Dungeon.
             The game lasted 00:05:07 (2799 turns).

NinjaNoafa the Vandal (Minotaur Hunter)             Turns: 2799, Time: 00:05:08

Health: 0/53       AC:  6    Str: 16    XL:     6   Next: 96%
Magic:  5/5        EV: 13    Int:  6    God:
Gold:   186        SH:  0    Dex: 15    Spells: 5/5 levels left

rFire   . . .      SeeInvis .   o - +0 rapier
rCold   . . .      Faith    .   (no shield)
rNeg    . . .      Spirit   .   b - +0 leather armour
rPois   .          Reflect  .   (helmet unavailable)
rElec   .          Harm     .   (no cloak)
rCorr   .          Rampage  .   (no gloves)
Will    .....                   k - +0 pair of boots
Stlth   +.........              (no amulet)
HPRegen 0.17/turn               (no ring)
MPRegen 0.09/turn               (no ring)

@: mighty, lit by a corona, glowing
A: horns 3, retaliatory headbutt, iridescent scales 1, sense surroundings 1
a: no special abilities


You were on level 4 of the Dungeon.
You visited 1 branch of the dungeon, and saw 4 of its levels.

You collected 186 gold pieces.

Inventory:

Hand Weapons
 a - a +1 hunting sling
 o - a +0 rapier (weapon)
Missiles
 f - 122 stones
 r - 5 poisoned darts
Armour
 b - a +0 leather armour (worn)
 k - a +0 pair of boots (worn)
Scrolls
 c - 4 scrolls of immolation
 d - a scroll of enchant weapon {unknown}
 e - 3 scrolls of poison {unknown}
 i - a scroll of fear {unknown}
 m - a scroll of fog {unknown}
 n - 4 scrolls of identify {unknown}
 p - a scroll of amnesia {unknown}
 q - 2 scrolls of vulnerability {unknown}
 s - a scroll of noise {unknown}
Potions
 h - a potion of might
 j - a potion of curing


   Skills:
 + Level 4.6 Fighting
 + Level 6.5 Slings
 + Level 4.3 Dodging
 + Level 3.0 Stealth


You had 5 spell levels left.
You didn't know any spells.
Your spell library contained the following spells:

 Spells                   Type           Power      Damage    Failure   Level
 Pain                     Necr           0%         1d4       52%         1
 Slow                     Hex            0%         N/A       52%         1
 Ensorcelled Hibernation  Hex/Ice        0%         N/A       67%         2
 Tukima's Dance           Hex            0%         N/A       88%         3
 Agony                    Necr           0%         N/A       100%        5
 Blade Hands              Tmut           0%         N/A       100%        5
 Excruciating Wounds      Necr           0%         N/A       100%        5
 Irradiate                Conj/Tmut      0%         3d13      100%        5
 Conjure Ball Lightning   Conj/Air       0%         3x3d6     100%        6
 Dragon Form              Tmut           0%         N/A       100%        7


Dungeon Overview and Level Annotations

Branches:
Dungeon (4/15)
 Temple: D:4-7

Altars:


Innate Abilities, Weirdness & Mutations

You have a pair of large horns on your head.
You reflexively headbutt those who attack you in melee.
You are partially covered in iridescent scales. (AC +2)
You passively map a small area around you.


Message History

Unknown command.
o - a +0 rapier (weapon)
You feel very mighty all of a sudden. The gnoll hits you with a +0 flail.
You puncture the gnoll!
You kill the gnoll!
The scorpion stings you but does no damage.
You hit the scorpion.
The scorpion is moderately wounded.
The gnoll barely misses you. The scorpion barely misses you.
You furiously retaliate!
You headbutt the scorpion!
You kill the scorpion!
Your Stealth skill increases to level 3!
The gnoll barely misses you.
The gnoll hits you from afar with a +0 spear.
Things that are here:
a +0 flail; a gnoll corpse You barely miss the gnoll shaman.
The gnoll shaman is heavily wounded.
The gnoll hits you from afar with a +0 spear.
The gnoll shaman misses you. You furiously retaliate!
You headbutt the gnoll shaman. The gnoll hits you with a +0 halberd.
* * * LOW HITPOINT WARNING * * *
The gnoll closely misses you. The gnoll barely misses you.
The gnoll shaman calls down the wrath of its god upon you.
You are outlined in light.
The gnoll barely misses you.
You barely miss the gnoll shaman. Your headbutt misses the gnoll shaman.
The gnoll shaman is almost dead.
The gnoll shaman calls upon its god to heal the gnoll.
The gnoll's wounds heal themselves!
The gnoll hits you from afar with a +0 halberd.
* * * LOW HITPOINT WARNING * * *
You feel better.
The gnoll shaman hits you with a +0 club!
* * * LOW HITPOINT WARNING * * *
The gnoll hits you from afar with a +0 halberd.
* * * LOW HITPOINT WARNING * * *
The gnoll hits you from afar with a +0 spear.
You die...

, ### , ,,
#.. ,
......#.#* ,
#...
*#........ ,
#..>.,*
#.....o.#* *
...##
#...>....
,...##..g...
#..#.g.. ,
*#@#.s#
#g#..##
###gg...#!. *
,,
#..........#
##.####.#...#
* #..# .#...#
##.## .# ..#
#####..##
.#,....
#.......#
.....#. , ,


You could see a gnoll shaman and 2 gnolls.

Vanquished Creatures
  Grinder (D:3)
  A black bear (D:3)
  A scorpion (D:4)
  An orc priest (D:4)
  A gnoll (D:4)
  3 adders
  2 worms (D:2)
  3 dart slugs
  6 orcs
  5 endoplasms
  5 giant cockroaches (D:1)
  6 hobgoblins
  2 jackals (D:2)
  4 quokkas
  6 ball pythons
  7 bats
  4 frilled lizards
  8 goblins
  9 kobolds
  8 rats
83 creatures vanquished.

Notes
Turn   | Place    | Note
-------+----------+-------------------------------------------
     0 | D:1      | NinjaNoafa the Minotaur Hunter began the quest for the Orb.
     0 | D:1      | Reached XP level 1. HP: 18/18 MP: 0/0
   114 | D:1      | Reached skill level 1 in Stealth
   142 | D:1      | Reached XP level 2. HP: 25/25 MP: 1/1
   478 | D:1      | Reached XP level 3. HP: 30/30 MP: 2/2
   478 | D:1      | Found a faded altar of an unknown god.
   487 | D:1      | Got Plato's Papyrus of the Oath
   551 | D:1      | Got the Guide on Confrontation and Enchantment
   830 | D:2      | Reached skill level 5 in Slings
  1123 | D:2      | Reached XP level 4. HP: 38/38 MP: 3/3
  1544 | D:3      | Noticed Grinder
  1547 | D:3      | Paralysed by Grinder for 3 turns
  1567 | D:3      | Killed Grinder
  1568 | D:3      | Reached skill level 6 in Slings
  1568 | D:3      | Reached XP level 5. HP: 34/46 MP: 4/4
  1568 | D:3      | Reached XP level 6. HP: 39/52 MP: 5/5
  2790 | D:4      | Gained mutation: You passively map a small area around you.
                  | [potion of mutation]
  2790 | D:4      | Gained mutation: You are partially covered in iridescent
                  | scales. (AC +2) [potion of mutation]
  2790 | D:4      | Gained mutation: You have a pair of large horns on your
                  | head. [potion of mutation]
  2799 | D:4      | Slain by a gnoll

Illustrated notes

Levels and vault maps discovered:
D:1:      wander_arrival_chamber, layout_basic,
          shapermc_ecumenical_altar_rom_forum, minmay_tetromino_l4
D:2:      layout_rooms, hangedman_decor_clover_reticule
D:3:      layout_loops_cross, uniq_grinder
D:4:      layout_rooms, uniq_eustachio, uniq_menkaure

Skill      XL: |  1  2  3  4  5  6 |
---------------+-------------------+-----
Stealth        | 1 2 3 |  3.0
Fighting       | 3 4 |  4.6
Slings         | 5 6 |  6.5
Dodging        | 3 4 |  4.3

Action                   |  1- 3 |  4- 6 || total
-------------------------+-------+-------++-------
Melee: Rapier            |     6 |    20 ||    26
       Headbutt          |       |     7 ||     7
 Fire: Hunting sling     |   126 |    98 ||   224
  Use: Potion            |       |    11 ||    11
Armor: Leather armour    |    13 |    23 ||    36
Dodge: Dodged            |    41 |    67 ||   108

Table legend: (Time is in decaauts)
 A = Elapsed time spent in this place.
 B = Non-inter-level travel time spent in this place.
 C = Inter-level travel time spent in this place.
 D = Time resting spent in this place.
 E = Time spent auto-exploring this place.
 F = Levels seen in this place.
 G = Mean time per level.
                   A        B        C        D        E       F      G
               +--------+--------+--------+--------+--------+-----+--------+
         Total |   2822 |   2768 |     54 |    269 |   1971 |   4 |  705.5 |
       Dungeon |   2822 |   2768 |     54 |    269 |   1971 |   4 |  705.5 |
               +--------+--------+--------+--------+--------+-----+--------+

Top non-repeatable levels by time:
     D:3: 1049 daAuts
     D:1: 847 daAuts
     D:2: 639 daAuts
     D:4: 286 daAuts
